 Dungeon Crawl Stone Soup version 0.31-a0-152-g6aa68a64a1 (webtiles) character file.

Game seed: 1128168047701744393

343 qw the Shooter (level 6, 0/57 HPs)
             Began as a Naga Hunter on June 10, 2023.
             Slain by an orc
             ... wielding a +0 dagger
              (4 damage)
             ... on level 4 of the Dungeon.
             The game lasted 00:00:51 (2750 turns).

qw the Shooter (Naga Hunter)                        Turns: 2750, Time: 00:00:51

Health: 0/57       AC:  0    Str: 13    XL:     6   Next: 57%
Magic:  6/6        EV:  9    Int: 10    God:
Gold:   169        SH:  0    Dex: 16    Spells: 5/5 levels left

rFire   . . .        Y - +0 shortbow
rCold   . . .        (shield currently unavailable)
rNeg    + . .        c - +0 leather armour
rPois   +            (no helmet)
rElec   .            (no cloak)
rCorr   .            j - +0 pair of gloves
SInv    +            (no barding)
Will    .....        (no amulet)
Stlth   ++           d - ring of positive energy
HPRegen 0.29/turn    (no ring)
MPRegen 0.10/turn

%: no passive effects
@: short of breath, corroded, very slow
A: AC +2, large, see invisible, deformed body, poison resistance, slowness 2,
spit poison 1, naga tail 1
a: Spit Poison


You were on level 4 of the Dungeon.
You visited 1 branch of the dungeon, and saw 4 of its levels.

You collected 169 gold pieces.


Innate Abilities, Weirdness & Mutations

Your serpentine skin is tough. (AC +2)
You have supernaturally acute eyesight. (SInv)
Armour fits poorly on your strangely shaped body.
Your system is resistant to poisons. (rPois)
You cover ground very slowly.
You can spit poison.
You have a snake-like lower body.


   Skills:
 + Level 3.8 Fighting
 - Level 6.3 Ranged Weapons
 - Level 1.5 Dodging
 - Level 1.5 Stealth


You had 5 spell levels left.
You didn't know any spells.
Your spell library was empty.

Inventory:

Hand Weapons
 Y - a +0 shortbow (weapon)
Armour
 c - a +0 leather armour (worn)
 j - a +0 pair of gloves (worn)
Jewellery
 d - a ring of positive energy (left hand)
Scrolls
 a - a scroll of immolation
 h - a scroll of summoning {unknown}
Potions
 b - a potion of haste {unknown}
 e - a potion of curing
 f - a potion of enlightenment {unknown}
 g - a potion of brilliance {unknown}
 i - a potion of might
 k - a potion of resistance {unknown}

Dungeon Overview and Level Annotations

Branches:
Dungeon (4/15)
 Temple: D:4-7

Altars:
Dithmenos

Annotations:
D:4 1 runed translucent door, qw's ghost, novice NaHu


Message History

The splash of poison misses the ufetubus.
You shoot an arrow. The jelly quivers.
The arrow hits the ufetubus!
You kill the ufetubus!
You shoot an arrow. The arrow barely misses the hobgoblin.
You shoot an arrow. The arrow hits the hobgoblin.
You kill the hobgoblin!
You shoot an arrow. The arrow hits the jelly.
The jelly is moderately wounded.
An orc comes into view. It is wielding a +0 dagger.
You shoot an arrow. The arrow hits the jelly.
The jelly is heavily wounded.
The jelly hits you.
You are splashed with acid!
You shoot an arrow. The arrow hits the jelly.
The jelly is heavily wounded.
You have got your breath back.
The jelly hits you. The acid corrodes you!
You are splashed with acid.
You shoot an arrow. The arrow hits the jelly.
The jelly is almost dead.
The jelly hits you.
You are splashed with acid!
You shoot an arrow.
The arrow hits the jelly but does no damage.
The jelly is almost dead.
The jelly hits you.
You are splashed with acid!
You shoot an arrow. The arrow hits the jelly.
The jelly is almost dead.
The jelly hits you.
You are splashed with acid!
The jelly barely misses you.
You shoot an arrow. The arrow hits the jelly.
You kill the jelly!
2749 ||| INVOKING Spit Poison.
Aiming: Spit Poison (1% risk of failure)
Press: ? - help, Shift-Dir - straight line, f - orc The splash of poison misses the orc.
The orc hits you with a +0 dagger.
You shoot an arrow. The arrow hits the orc.
The orc is lightly wounded.
An endoplasm comes into view.
The orc hits you with a +0 dagger.
You die...

## #.# #.#.#
W# #.# #.#.#
ยค# #.#
#.#.# #.#
#.#.# ..#
#######.#%##
..#
...........#
.#####.#..#
#...#..#
#@#.#.)#
#o###### ...
.....
.......
....7....
...~~ ~~...
....J.
.~....


You could see an orc and an endoplasm (wandering).

Vanquished Creatures
  A phantom (D:4)
  A jelly (D:4)
  3 hounds (D:4)
  Natasha (thrice) (D:2)
  An adder (D:3)
  An ufetubus (D:4)
  A worm (D:2)
  2 dart slugs
  4 orcs (D:3)
  3 bats
  6 endoplasms
  2 giant cockroaches (D:3)
  5 goblins
  5 hobgoblins
  3 jackals (D:1)
  8 kobolds
  2 quokkas (D:1)
  3 ball pythons (D:1)
  A frilled lizard (D:2)
  4 rats (D:1)
59 creatures vanquished.

Notes
Turn   | Place    | Note
-------+----------+-------------------------------------------
     0 | D:1      | qw the Naga Hunter began the quest for the Orb.
     0 | D:1      | Reached XP level 1. HP: 19/19 MP: 1/1
     0 | D:1      | 0 ||| qw: Version: 0.2-a-29-gd901d54
     0 | D:1      | 0 ||| qw: Game counter: 4001
     0 | D:1      | 0 ||| qw: Always use a shield: true
     0 | D:1      | 0 ||| qw: God list: Okawaru
     0 | D:1      | 0 ||| qw: Allow faded altars: false
     0 | D:1      | 0 ||| qw: Do Orc after D:15 true
     0 | D:1      | 0 ||| qw: Do second Lair branch before Depths: true
     0 | D:1      | 0 ||| qw: Lair rune preference: random
     0 | D:1      | 0 ||| qw: Plans: Normal
     0 | D:1      | 0 ||| PLANNING D:1-11
    15 | D:1      | 15 ||| INVOKING Spit Poison.
    23 | D:1      | 23 ||| INVOKING Spit Poison.
    43 | D:1      | 43 ||| INVOKING Spit Poison.
    50 | D:1      | 50 ||| INVOKING Spit Poison.
    96 | D:1      | 96 ||| INVOKING Spit Poison.
    99 | D:1      | 99 ||| INVOKING Spit Poison.
   112 | D:1      | 112 ||| INVOKING Spit Poison.
   113 | D:1      | Reached skill level 4 in Ranged Weapons
   113 | D:1      | Reached XP level 2. HP: 26/26 MP: 2/2
   147 | D:1      | 147 ||| INVOKING Spit Poison.
   209 | D:1      | 209 ||| INVOKING Spit Poison.
   225 | D:1      | 225 ||| INVOKING Spit Poison.
   234 | D:1      | 234 ||| INVOKING Spit Poison.
   315 | D:1      | 315 ||| INVOKING Spit Poison.
   321 | D:1      | 321 ||| INVOKING Spit Poison.
   365 | D:1      | 365 ||| INVOKING Spit Poison.
   446 | D:1      | 446 ||| INVOKING Spit Poison.
   447 | D:1      | 447 ||| INVOKING Spit Poison.
   450 | D:1      | Reached XP level 3. HP: 20/32 MP: 3/3
   505 | D:1      | 505 ||| INVOKING Spit Poison.
   545 | D:1      | 545 ||| INVOKING Spit Poison.
   667 | D:1      | 667 ||| INVOKING Spit Poison.
   707 | D:1      | 707 ||| INVOKING Spit Poison.
   869 | D:1      | 869 ||| UPGRADING to ring of positive energy.
   870 | D:1      | 870 ||| DROPPING scroll of butterflies.
   997 | D:2      | 997 ||| INVOKING Spit Poison.
  1016 | D:2      | 1016 ||| INVOKING Spit Poison.
  1032 | D:2      | 1032 ||| INVOKING Spit Poison.
  1035 | D:2      | 1035 ||| INVOKING Spit Poison.
  1170 | D:2      | Noticed Natasha
  1171 | D:2      | 1171 ||| INVOKING Spit Poison.
  1177 | D:2      | 1177 ||| INVOKING Spit Poison.
  1177 | D:2      | Killed Natasha
  1178 | D:2      | Reached skill level 5 in Ranged Weapons
  1178 | D:2      | Reached XP level 4. HP: 17/39 MP: 4/4
  1302 | D:2      | Noticed Natasha
  1304 | D:2      | 1304 ||| INVOKING Spit Poison.
  1308 | D:2      | 1308 ||| INVOKING Spit Poison.
  1311 | D:2      | 1311 ||| INVOKING Spit Poison.
  1311 | D:2      | Killed Natasha
  1407 | D:2      | Noticed Natasha
  1409 | D:2      | 1409 ||| INVOKING Spit Poison.
  1413 | D:2      | 1413 ||| INVOKING Spit Poison.
  1414 | D:2      | 1414 ||| INVOKING Spit Poison.
  1414 | D:2      | Killed Natasha
  1415 | D:2      | Reached skill level 3 in Fighting
  1421 | D:2      | Found Vetidd's Jewellery Boutique.
  1429 | D:2      | Found a faded altar of an unknown god.
  1577 | D:2      | 1577 ||| READING scroll labelled BEDOTW BUREUF.
  1578 | D:2      | 1578 ||| READING scroll labelled QOEGA RUATUOT.
  1579 | D:2      | 1579 ||| READING scroll labelled LOOHA MIRISACW.
  1580 | D:2      | 1580 ||| READING scroll labelled WETZOU MUTAS.
  1581 | D:2      | 1581 ||| DRINKING 2 dark potions.
  1604 | D:3      | 1604 ||| INVOKING Spit Poison.
  1605 | D:3      | Reached XP level 5. HP: 49/49 MP: 5/5
  1696 | D:3      | 1696 ||| INVOKING Spit Poison.
  1700 | D:3      | 1700 ||| INVOKING Spit Poison.
  1719 | D:3      | 1719 ||| INVOKING Spit Poison.
  1728 | D:3      | 1728 ||| INVOKING Spit Poison.
  1776 | D:3      | 1776 ||| INVOKING Spit Poison.
  1782 | D:3      | 1782 ||| INVOKING Spit Poison.
  1850 | D:3      | 1850 ||| INVOKING Spit Poison.
  1900 | D:3      | 1900 ||| INVOKING Spit Poison.
  2067 | D:3      | 2067 ||| INVOKING Spit Poison.
  2069 | D:3      | Found a shadowy altar of Dithmenos.
  2237 | D:3      | 2237 ||| UPGRADING to +0 pair of gloves.
  2242 | D:3      | 2242 ||| READING scroll labelled JYVO XUUT WARPH.
  2243 | D:3      | 2243 ||| READING scroll labelled ULYUTHR XAVVI.
  2344 | D:3      | 2344 ||| DRINKING 2 metallic emerald potions.
  2376 | D:4      | 2376 ||| INVOKING Spit Poison.
  2405 | D:4      | 2405 ||| INVOKING Spit Poison.
  2434 | D:4      | 2434 ||| INVOKING Spit Poison.
  2439 | D:4      | 2439 ||| INVOKING Spit Poison.
  2445 | D:4      | 2445 ||| INVOKING Spit Poison.
  2449 | D:4      | 2449 ||| INVOKING Spit Poison.
  2532 | D:4      | Noticed a phantom
  2554 | D:4      | Killed a phantom
  2555 | D:4      | Reached skill level 6 in Ranged Weapons
  2555 | D:4      | Reached XP level 6. HP: 26/56 MP: 6/6
  2685 | D:4      | 2685 ||| INVOKING Spit Poison.
  2690 | D:4      | Found a runed translucent door.
  2691 | D:4      | Noticed qw's ghost (novice NaHu)
  2723 | D:4      | 2723 ||| INVOKING Spit Poison.
  2738 | D:4      | 2738 ||| INVOKING Spit Poison.
  2747 | D:4      | HP: 8/56 [acid (8)]
  2749 | D:4      | 2749 ||| INVOKING Spit Poison.
  2750 | D:4      | Slain by an orc

Levels and vault maps discovered:
D:1:      shiori_arrival_oz, layout_basic
D:2:      layout_rooms, serial_shops, nicolae_shop_crystal,
          ebering_ecumenical_altar_hall, nicolae_concentric_dashed_squares_wild,
          uniq_natasha
D:3:      layout_loops_cross, grunt_dithmenos_smoke_and_mirrors,
          minmay_box_of_dots
D:4:      layout_loops_ring, chequers_temple_overflow_statue_of_worship,
          ebering_ghost_inner_flame, kennysheep_generic_room_2

Skill      XL: |  1  2  3  4  5 |
---------------+----------------+-----
Ranged Weapons | 4 5 6 |  6.3
Fighting       | 3 |  3.8
Dodging        | |  1.5
Stealth        | |  1.5

Action                     |  1- 3 |  4- 6 || total
---------------------------+-------+-------++-------
   Fire: Shortbow          |    48 |    82 ||   130
Ability: Spit Poison       |    25 |    25 ||    50
    Use: Scroll            |       |     6 ||     6
         Potion            |       |     2 ||     2
 Armour: Leather armour    |     1 |    14 ||    15
  Dodge: Dodged            |     8 |    21 ||    29

Table legend:
 A = Non-vault XP
 B = Vault XP
 C = Vault XP percentage of total XP
 D = Non-vault monster count
 E = Vault monster count
 F = Vault count percentage of total count
                 A         B        C        D         E       F
            +---------+---------+-------+---------+---------+-------
      Total |     393 |      98 |  20.0 |      52 |       7 |  11.9
            +---------+---------+-------+---------+---------+-------
        D:1 |      40 |       4 |   9.1 |      22 |       2 |   8.3
        D:2 |      85 |      35 |  29.2 |       9 |       1 |  10.0
        D:3 |      29 |      15 |  34.1 |      13 |       2 |  13.3
        D:4 |     239 |      44 |  15.5 |       8 |       2 |  20.0
            +---------+---------+-------+---------+---------+-------
